 Dungeon Crawl Stone Soup version 0.31-a0-236-g9a0961fb85 (webtiles) character file.

Game seed: 4360059204404454931

50 qw the Shooter (level 3, -3/21 HPs)
             Began as a Gargoyle Hexslinger on July 10, 2023.
             Killed from afar by Natasha (8 damage)
             ... with a magic dart
             ... on level 3 of the Dungeon.
             The game lasted 00:00:23 (796 turns).

qw the Shooter (Gargoyle Hexslinger)                 Turns: 796, Time: 00:00:24

Health: -3/21      AC:  5    Str: 11    XL:     3   Next: 79%
Magic:  4/4        EV: 12    Int: 13    God:
Gold:   131        SH:  0    Dex: 14    Spells: 3/4 levels left

rFire   . . .        Y - +1 sling
rCold   . . .        (no shield)
rNeg    + . .        c - +0 robe
rPois   inf          (no helmet)
rElec   +            (no cloak)
rCorr   .            (no gloves)
SInv    .            (no boots)
Will    .....        (no amulet)
Stlth   +            (no ring)
HPRegen 0.23/turn    (no ring)
MPRegen 0.09/turn

%: no passive effects
@: slowed, very slow
A: sickness immunity, AC +3, negative energy resistance 1, electricity
resistance, torment resistance 1, petrification resistance
a: no special abilities


You were on level 3 of the Dungeon.
You visited 1 branch of the dungeon, and saw 3 of its levels.

You collected 131 gold pieces.


Innate Abilities, Weirdness & Mutations

You are immune to sickness and miasma.
Your stone body is resilient. (AC +3)
You are immune to poison.
You resist negative energy. (rN+)
You are resistant to electric shocks. (rElec)
You are resistant to unholy torment.
You are immune to petrification.


   Skills:
 - Level 2.2 Fighting
 + Level 3.5 Ranged Weapons
 - Level 1.5 Dodging
 - Level 1.0 Spellcasting
 - Level 2.6 Hexes


You had 3 spell levels left.
You knew the following spells:

 Your Spells              Type           Power      Damage    Failure   Level
a - Slow                  Hex            28%        N/A       10%         1

Your spell library contained the following spells:

 Spells                   Type           Power      Damage    Failure   Level
 Inner Flame              Hex/Fire       4%         N/A       43%         3
 Portal Projectile        Hex/Tloc       8%         N/A       43%         3
 Cause Fear               Hex            3%         N/A       67%         4

Inventory:

Hand Weapons
 Y - a +1 sling (weapon)
Armour
 c - a +0 robe (worn)
Scrolls
 g - 2 scrolls of enchant armour
Potions
 d - a potion of resistance {unknown}
 e - a potion of curing {unknown}

Dungeon Overview and Level Annotations

Branches:
Dungeon (3/15)

Altars:

Shops:
D:1 (

Annotations:
D:3 Natasha


Message History

The kobold is severely wounded.
The kobold throws a stone.
The stone closely misses you.
Natasha stares at you and mumbles some strange words.
You feel yourself slow down.
You shoot a sling bullet. The sling bullet misses the kobold.
The sling bullet barely misses the goblin.
A rat comes into view.
The kobold throws a stone.
The stone closely misses you.
Natasha wildly gestures.
You feel troubled.
The kobold throws a stone.
The stone misses you. Natasha claws you.
You shoot a sling bullet. The sling bullet barely misses Natasha.
Natasha barely misses you. The kobold hits you with a +0 dagger.
Natasha barely misses you.
You shoot a sling bullet.
The sling bullet closely misses the kobold.
The sling bullet hits the rat.
You kill the rat!
The kobold barely misses you. The goblin hits you but does no damage.
Natasha claws you. The goblin closely misses you.
The kobold hits you but does no damage.
You shoot a sling bullet. The sling bullet barely misses Natasha.
Natasha barely misses you. The kobold barely misses you.
The goblin hits you but does no damage. Natasha closely misses you.
The goblin misses you. The kobold barely misses you.
You shoot a sling bullet. The sling bullet misses Natasha.
Natasha claws you. The kobold completely misses you.
The goblin completely misses you. Natasha claws you!
You shoot a sling bullet. The sling bullet hits Natasha.
Natasha is severely wounded.
The kobold hits you but does no damage. The goblin barely misses you.
Natasha casts a spell at you. The magic dart hits you.
The goblin hits you but does no damage. The kobold hits you but does no damage.
Natasha barely misses you.
You shoot a sling bullet.
The sling bullet closely misses Natasha.
The kobold hits you but does no damage. The goblin hits you but does no damage.
Natasha stares at you and mumbles some strange words.
The magic dart hits you!
You die...

#..# 7. #.7.7.#..
#..# 7.7777.7.##.
#..# ..77..7.##)
#..### 7.7.777.##.
#....77 7...7 #..#.
#...7.777.\.7777.#.
#...7...7...77..7..
#...77........777.#
#h@.#77..8_8.77 ..#
...?..Kg...77777777
#.## .......$##.#
#. ......### .# ..
...... # ### ......
...... .....


You could see Natasha, a goblin and a kobold.

Vanquished Creatures
  2 adders (D:2)
  3 ball pythons (D:2)
  A bat (D:1)
  5 endoplasms
  2 goblins (D:1)
  5 hobgoblins
  4 jackals (D:1)
  2 frilled lizards
  2 kobolds
  3 rats
29 creatures vanquished.

Notes
Turn   | Place    | Note
-------+----------+-------------------------------------------
     0 | D:1      | qw the Gargoyle Hexslinger began the quest for the Orb.
     0 | D:1      | Reached XP level 1. HP: 12/12 MP: 2/2
     0 | D:1      | 0 ||| qw: Version: 0.3-a-51-g015441d
     0 | D:1      | 0 ||| qw: Game counter: 4508
     0 | D:1      | 0 ||| qw: Melee chars always use a shield: true
     0 | D:1      | 0 ||| qw: God list: Okawaru
     0 | D:1      | 0 ||| qw: Allow faded altars: false
     0 | D:1      | 0 ||| qw: Do Orc after clearing Dungeon:15 true
     0 | D:1      | 0 ||| qw: Do second Lair branch before Depths: true
     0 | D:1      | 0 ||| qw: Lair rune preference: random
     0 | D:1      | 0 ||| qw: Goals: Normal
     0 | D:1      | 0 ||| PLANNING D:1-11
    66 | D:1      | Reached XP level 2. HP: 16/16 MP: 3/3
   232 | D:1      | Found Tutexeoj's Antique Weapon Emporium.
   242 | D:1      | 242 ||| SHOPLISTING glowing shortbow (150 gold, have 24).
   243 | D:1      | Reached skill level 3 in Ranged Weapons
   386 | D:1      | 386 ||| DROPPING scroll of poison.
   461 | D:2      | Reached XP level 3. HP: 21/21 MP: 4/4
   710 | D:2      | 710 ||| READING scroll labelled LYVEXK XIOVESS.
   711 | D:2      | 711 ||| READING scroll labelled DUWIASM QEKLOMIJOL.
   712 | D:2      | 712 ||| READING 3 scrolls labelled ELIMEW MEMOI.
   763 | D:3      | Found a faded altar of an unknown god.
   784 | D:3      | Noticed Natasha
   795 | D:3      | HP: 5/21 [Natasha/magic dart (2)]
   796 | D:3      | Killed from afar by Natasha

Levels and vault maps discovered:
D:1:      lightli_arrival_statue_moat, layout_basic, serial_shops, shop
D:2:      layout_rooms, minmay_tromino_v4_a
D:3:      layout_basic, gammafunk_ghost_mausoleum,
          shapermc_ecumenical_altar_totnotflames, uniq_jessica, uniq_robin,
          uniq_natasha

Skill      XL: |  1  2 |
---------------+-------+-----
Ranged Weapons | 3 |  3.5
Fighting       | 2 |  2.2
Dodging        | |  1.5
Spellcasting   | |  1.0
Hexes          | |  2.6

Action                     || total
---------------------------++-------
   Fire: Sling             ||    96
    Use: Scroll            ||     3
 Armour: Robe              ||    23
  Dodge: Dodged            ||    40

Table legend:
 A = Non-vault XP
 B = Vault XP
 C = Vault XP percentage of total XP
 D = Non-vault monster count
 E = Vault monster count
 F = Vault count percentage of total count
                 A         B        C        D         E       F
            +---------+---------+-------+---------+---------+-------
      Total |      69 |       3 |   4.2 |      27 |       2 |   6.9
            +---------+---------+-------+---------+---------+-------
        D:1 |      25 |       0 |   0.0 |      14 |       0 |   0.0
        D:2 |      43 |       3 |   6.5 |      12 |       2 |  14.3
        D:3 |       1 |       0 |   0.0 |       1 |       0 |   0.0
            +---------+---------+-------+---------+---------+-------
